AoeStats
← old f1sh

Arabia

508610257Analyzed
1v1 RM · 9d ago on Sep 23, 2026· 29m 45s· 2 players
Game mode
Random Map
Map size
Tiny (2 player)
Population
200
Speed
Normal
Resources
Standard
Victory
Conquest
Starting age
Dark Age
Ending age
Imperial Age
RankedLock teamsTeams togetherTeam positionsShared explorationLock speedFull tech treeHidden civsTurbo modeCheats
Victory
Defeat
🇨🇳 Bengalis · China
1958
+5
🇨🇳 Franks · China
1654
-5
大山
6:24 Loom
8:47 Feudal Age
8:53 Man-at-Arms
9:23 Double-Bit Axe
14:53 Fletching
21:05 Castle Age
19:11 Gold Mining
19:43 Padded Archer Armor
20:47 Horse Collar
21:08 Crossbowman
22:15 Bodkin Arrow
23:27 Bow Saw
27:44 Wheelbarrow
29:47 Gold Shaft Mining
32:53 Imperial Age
old f1sh
6:41 Loom
8:48 Feudal Age
9:19 Double-Bit Axe
12:10 Double-Bit Axe
17:13 Padded Archer Armor
19:06 Wheelbarrow
19:33 Fletching
22:58 Castle Age
23:06 Gold Mining
23:01 Elite Skirmisher
23:40 Bodkin Arrow
23:56 Bow Saw
Connection lost

Rejoining the realm…

Still unreachable

The connection could not be restored.

Session expired

The server has moved on; the page needs a fresh start.